AoeStats
← WhipLord

Arena

505572224Analyzed
2v2 RM · 21d ago on Sep 10, 2026· 67m 1s· 4 players
Game mode
Random Map
Map size
Medium (4 player)
Population
200
Speed
Normal
Resources
Standard
Victory
Conquest
Starting age
Dark Age
Ending age
Imperial Age
RankedLock teamsTeams togetherTeam positionsShared explorationLock speedFull tech treeHidden civsTurbo modeCheats
Victory
Defeat
🇵🇪 Celts · Peru
783
+13
🇵🇪 Ethiopians · Peru
642
+20
🇦🇺 Goths · Australia
731
-32
🇦🇺 Byzantines · Australia
704
-29
Inca Tupac Yupanqui
0:41 Loom
12:28 Feudal Age
17:02 Castle Age
15:39 Double-Bit Axe
16:00 Horse Collar
25:29 Wheelbarrow
27:18 Heavy Plow
27:46 Bow Saw
29:51 Hand Cart
35:51 Imperial Age
33:04 Pikeman
34:24 Scale Mail Armor
34:36 Forging
36:48 Ballistics
37:33 Chemistry
36:47 Onager
38:07 Conscription
38:53 Furor Celtica
39:49 Chain Mail Armor
40:55 Siege Onager
44:11 Elite Woad Raider
46:00 Stronghold
45:35 Halberdier
49:02 Plate Mail Armor
49:09 Iron Casting
55:07 Blast Furnace
55:30 Caravan
Juazas
11:20 Feudal Age
15:21 Loom
20:52 Castle Age
19:48 Double-Bit Axe
19:45 Horse Collar
20:16 Padded Archer Armor
24:54 Crossbowman
26:13 Wheelbarrow
25:24 Town Watch
27:25 Ballistics
27:02 Fletching
27:26 Forging
27:17 Scale Mail Armor
27:36 Leather Archer Armor
27:25 Murder Holes
27:45 Bow Saw
27:38 Heavy Plow
28:32 Thumb Ring
30:44 Bodkin Arrow
31:25 Iron Casting
31:05 Chain Mail Armor
32:48 Squires
36:08 Imperial Age
36:23 Arson
36:47 Arbalester
41:25 Blast Furnace
40:55 Plate Mail Armor
40:56 Ring Archer Armor
40:27 Bracer
50:14 Elite Shotel Warrior
yos
9:19 Loom
11:06 Feudal Age
11:53 Double-Bit Axe
11:55 Horse Collar
19:06 Castle Age
18:18 Scale Mail Armor
18:29 Forging
22:26 Bow Saw
22:43 Heavy Plow
29:12 Imperial Age
27:57 Squires
29:46 Chain Mail Armor
30:27 Conscription
30:19 Perfusion
30:19 Pikeman
31:39 Iron Casting
32:51 Crop Rotation
33:42 Two-Man Saw
34:02 Anarchy
38:00 Blast Furnace
36:56 Halberdier
39:29 Wheelbarrow
38:40 Town Watch
44:56 Chemistry
44:21 Ballistics
44:19 Elite Huskarl
51:14 Man-at-Arms
52:19 Long Swordsman
52:47 Two-Handed Swordsman
53:08 Champion
55:54 Gold Mining
55:54 Stone Mining
WhipLord
10:15 Feudal Age
11:05 Double-Bit Axe
12:03 Horse Collar
13:43 Loom
18:10 Castle Age
23:29 Elite Skirmisher
24:50 Squires
26:43 Bow Saw
26:35 Heavy Plow
28:24 Wheelbarrow
31:16 Imperial Age
28:43 Pikeman
29:27 Fletching
30:57 Hand Cart
31:16 Ballistics
33:32 Two-Man Saw
32:30 Gold Mining
32:30 Stone Mining
33:58 Halberdier
34:25 Arson
37:01 Elite Cataphract
45:10 Scale Mail Armor
45:11 Padded Archer Armor
45:06 Bodkin Arrow
45:18 Scale Barding Armor
48:12 Chemistry
58:24 Conscription
Connection lost

Rejoining the realm…

Still unreachable

The connection could not be restored.

Session expired

The server has moved on; the page needs a fresh start.